 Dungeon Crawl Stone Soup version 0.29.1-15-g9cfb28693d (webtiles) character file.

Game seed: 12029453347573853613

23 Artool the Cudgeller (level 2, -3/23 HPs)
             Began as a Demonspawn Gladiator on Apr 5, 2023.
             Slain by an orc
             ... wielding a +0 mace
              (7 damage)
             ... on level 2 of the Dungeon.
             The game lasted 00:01:00 (1060 turns).

Artool the Cudgeller (Demonspawn Gladiator)         Turns: 1060, Time: 00:01:00

Health: -3/23      AC:  4    Str: 14    XL:     2   Next: 75%
Magic:  2/2        EV: 12    Int:  9    God:
Gold:   53         SH:  0    Dex: 14    Spells: 1/1 levels left

rFire   . . .      SeeInvis .   a - +0 flail
rCold   . . .      Faith    .   (no shield)
rNeg    . . .      Spirit   .   b - +0 leather armour
rPois   .          Reflect  .   c - +0 helmet
rElec   .          Harm     .   (no cloak)
rCorr   .          Rampage  .   (no gloves)
Will    .....                   (no boots)
Stlth   +.........              (no amulet)
HPRegen 0.07/turn               (no ring)
MPRegen 0.16/turn               (no ring)

@: no status effects
A: magic regeneration
a: no special abilities


You were on level 2 of the Dungeon.
You visited 1 branch of the dungeon, and saw 2 of its levels.

You collected 53 gold pieces.

Inventory:

Hand Weapons
 a - a +0 flail (weapon)
Missiles
 d - 3 throwing nets (quivered)
 e - a javelin
 j - 3 boomerangs
Armour
 b - a +0 leather armour (worn)
 c - a +0 helmet (worn)
Scrolls
 f - a scroll of butterflies {unknown}
 g - a scroll of teleportation {unknown}
 h - a scroll of vulnerability {unknown}
 n - a scroll of enchant weapon {unknown}
Potions
 i - a potion of lignification {unknown}
 k - a potion of curing {unknown}
 l - a potion of cancellation {unknown}
 m - a potion of ambrosia {unknown}


   Skills:
 + Level 2.3 Fighting
 + Level 3.0 Maces & Flails
 - Level 1.7 Throwing
 + Level 0.8 Armour
 + Level 3.0 Dodging


You had one spell level left.
You didn't know any spells.
Your spell library contained the following spells:

 Spells                   Type           Power      Damage    Failure   Level
 Malign Gateway           Summ/Tloc      0%         N/A       100%        7
 Summon Horrible Things   Summ           0%         N/A       100%        8


Dungeon Overview and Level Annotations

Branches:
Dungeon (2/15)

Altars:
Wu Jian


Innate Abilities, Weirdness & Mutations

You regenerate magic rapidly.


Message History

An orc comes into view.
It is wielding a +0 whip and quivering poisoned darts.
The orc hits you with a +0 mace.
You hit the orc but do no damage. The orc hits you with a +0 mace.
The orc closely misses you.
An orc comes into view. It is wielding a +0 spear.
There are monsters nearby!
You hit the orc.
The orc is almost dead.
The orc hits you with a +0 whip. The orc hits you with a +0 mace.
You closely miss the orc.
The orc is almost dead.
The orc barely misses you. x2; The orc completely misses you.
There are monsters nearby!
You sock the orc!
You kill the orc!
The orc hits you from afar with a +0 spear.
The orc completely misses you.
Your Dodging skill increases to level 3!
You are too injured to fight recklessly!
You are too injured to fight recklessly!
You are too injured to fight recklessly!
You are too injured to fight recklessly!
You are too injured to fight recklessly!
You are too injured to fight recklessly!
You are too injured to fight recklessly!
You are too injured to fight recklessly!
You barely miss the orc. The orc closely misses you.
The orc hits you but does no damage. The orc barely misses you.
The orc closely misses you.
You barely miss the orc. The orc closely misses you.
The orc hits you but does no damage.
You hit the orc.
The orc is severely wounded.
The orc hits you but does no damage. The orc barely misses you.
You hit the orc but do no damage.
The orc is severely wounded.
The orc hits you from afar with a +0 spear.
* * * LOW HITPOINT WARNING * * *
The orc hits you with a +0 mace!
You die...

#.#..####.### #
#.#..####.#
#.###.#.......#
#........######
####.#.###
#...# ##.## #.#
#@# #o#
#..).o...#
#.##.....# ..
........+ ##
#.......#
#.......#
#####...# ..##


You could see 2 orcs.

Vanquished Creatures
  3 dart slugs (D:1)
  An orc (D:2)
  3 bats (D:1)
  An endoplasm (D:1)
  A hobgoblin (D:2)
  4 ball pythons
  2 frilled lizards (D:1)
  3 rats
18 creatures vanquished.

Notes
Turn   | Place    | Note
-------+----------+-------------------------------------------
     0 | D:1      | Artool the Demonspawn Gladiator began the quest for the
                  | Orb.
     0 | D:1      | Reached XP level 1. HP: 16/16 MP: 1/1
   144 | D:1      | Found a faded altar of an unknown god.
   174 | D:1      | Gained mutation: You regenerate magic rapidly. [demonic
                  | ancestry]
   174 | D:1      | Reached XP level 2. HP: 22/22 MP: 2/2
   999 | D:2      | Found an ornate altar of the Wu Jian Council.
  1060 | D:2      | Slain by an orc

Illustrated notes

Levels and vault maps discovered:
D:1:      lemuel_arrival_tunnels, layout_rooms,
          shapermc_ecumenical_altar_mp_highgroup, serial_curves, eino_curves_01,
          eino_curves_01, eino_curves_01, eino_curves_03,
          kennysheep_decorative_pillar
D:2:      minmay_spotlight, layout_loops_corners, basic_altar, serial_shops,
          nicolae_square_shop

Skill      XL: |  1  2 |
---------------+-------+-----
Maces & Flails | 3 |  3.0
Dodging        | 3 |  3.0
Fighting       | |  2.3
Throwing       | |  1.7
Armour         | |  0.8

Action                   || total
-------------------------++-------
Melee: Flail             ||    41
Armor: Leather armour    ||    13
Dodge: Dodged            ||    36
